 Dungeon Crawl Stone Soup version 0.31.0-32-g396128a36d (webtiles) character file.

Game seed: 12132933872276993770

7793 Logoto the Fighter (level 11, -5/101 HPs)
             Began as a Hill Orc Berserker on Apr 4, 2024.
             Was a Believer of Trog.
             Slain by a death yak (21 damage)
             ... on level 9 of the Dungeon.
             The game lasted 00:20:48 (10148 turns).

Logoto the Fighter (Hill Orc Berserker)            Turns: 10148, Time: 00:20:49

Health: -5/101     AC: 14    Str: 35    XL:     11   Next: 20%
Magic:  11/11      EV: 10    Int:  7    God:    Trog [**....]
Gold:   496        SH:  7    Dex: 10    Spells: 10/10 levels left

rFire   . . .        j - +3 mace (holy)
rCold   . . .        E - +0 kite shield
rNeg    . . .        G - +0 chain mail of Distant Worlds {Str+4}
rPois   .            F - +2 hat {Will+}
rElec   .            (no cloak)
rCorr   +            (no gloves)
SInv    .            A - +0 pair of boots
Will    +....        (no amulet) Stlth
                     n - ring of resist corrosion
HPRegen 0.36/turn    w - +6 ring of strength
MPRegen 0.12/turn

%: no passive effects
@: mighty, on berserk cooldown, slowed, very slow
A: no striking features
a: Renounce Religion, Berserk, Trog's Hand


You were on level 9 of the Dungeon.
You worshipped Trog.
Trog was pleased with you.
You visited 1 branch of the dungeon, and saw 9 of its levels.

You collected 496 gold pieces.

Inventory:

Hand Weapons
 a - a +0 hand axe
 j - a +3 mace of holy wrath (weapon)
Missiles
 e - 23 poisoned darts (quivered)
 g - 3 atropa-tipped darts
Armour
 A - a +0 pair of boots (worn)
 E - a +0 kite shield (worn)
 F - a +2 hat of willpower (worn)
 G - the +0 chain mail of Distant Worlds (worn) {Str+4}
   (You found it on level 9 of the Dungeon)

   Str+4:     It affects your strength (+4).
Jewellery
 n - a ring of resist corrosion (left hand)
 w - a +6 ring of strength (right hand)
 y - a +5 ring of evasion
Wands
 m - a wand of iceblast (16)
 o - a wand of paralysis (14)
 v - a wand of acid (12)
 C - a wand of polymorph (14)
Scrolls
 b - a scroll of teleportation {unknown}
 f - 6 scrolls of identify
 k - a scroll of enchant weapon
 q - a scroll of torment {unknown}
 r - a scroll of fear {unknown}
 s - a scroll of immolation
 u - a scroll of revelation
 x - a scroll of enchant armour {unknown}
 B - a scroll of blinking {unknown}
 D - a scroll of fog {unknown}
Potions
 c - 2 potions of curing
 d - a potion of enlightenment
 h - a potion of might
 l - 3 potions of lignification
 t - 2 potions of haste
 z - a potion of attraction
 H - a potion of cancellation
Miscellaneous
 I - a phial of floods
 J - a condenser vane


   Skills:
 * Level 10.5 Fighting
 * Level 9.6(12.0) Axes
 + Level 9.6(10.9) Maces & Flails
 * Level 9.0 Armour
 + Level 4.5 Dodging
 + Level 2.1 Stealth
 + Level 1.5 Shields


You had 10 spell levels left.
You didn't know any spells.
Your spell library was empty.

Dungeon Overview and Level Annotations

Branches:
Dungeon (9/15)             Temple (0/1) D:6            Lair (0/5) D:9
    Orc: D:9-12

Altars:
Ashenzari
Cheibriados
Fedhas
Gozag
Kikubaaqudgha
Makhleb
Sif Muna
Uskayaw
Wu Jian
The Shining One


Message History

The death yak barely misses you.
You sock the death yak!
You kill the death yak!
Trog accepts your kill.
Your Armour skill increases to level 9!
You sock the death yak!
The death yak is lightly wounded.
You completely miss the yak. You block the death yak's attack.
The yak gores you but does no damage. The death yak misses you.
You block the yak's attack.
You hit the death yak.
The death yak is lightly wounded.
The death yak barely misses you. The yak closely misses you.
You sock the death yak!
The death yak is moderately wounded.
The death yak gores you but does no damage.
The yak gores you but does no damage.
You sock the death yak!
The death yak is heavily wounded.
The yak gores you! You block the death yak's attack. The yak gores you!
You block the death yak's attack.
You thump the death yak!
The death yak is heavily wounded.
The death yak gores you but does no damage.
The yak gores you!
* * * LOW HITPOINT WARNING * * *
You feel very mighty all of a sudden. The death yak closely misses you.
The yak gores you but does no damage. The death yak gores you!
* * * LOW HITPOINT WARNING * * *
The yak gores you.
* * * LOW HITPOINT WARNING * * *
You sock the death yak!
The death yak is severely wounded.
The death yak closely misses you. The yak barely misses you.
The yak snorts and paws the ground.
You sock the death yak!
The death yak is severely wounded.
The death yak gores you!!
You die...

.....,,,..##..............# #..
...<.,,...##..............# #..
,,**,,,...####...[..##...## #..
,,**,,,...###..PP...##...########
,,,,,,,.......|..P[.+............
,,,,,,,...........).#............
,,,,,,,.............#............
,,,,,.,##.....#.....#............
,,,,*..#......##@Y..#............
,,,,,#....###+##Y#############'#+
,,,>,.......Y..YYY....#...####.#.
,,,,,.......Y.........#........#.
,,,,,..........####...#........#.
,,,,,.........##,,*#####.......+.
,,,,,.........#,,,**,,,#.......#.
,,,,,......####,,,*,**,#.......#.
,,,,,......* *****+***,#.......#.


You could see a death yak and 4 yaks.

Vanquished Creatures
  Gastronok (D:8)
  2 death yaks (D:9)
  An orange crystal statue (D:9)
  Maggie (D:7)
  2 trolls (D:9)
  Grinder (D:4)
  Sigmund (D:3)
  A wraith (D:9)
  2 wyverns
  5 yaks (D:8)
  3 water moccasins
  A black bear (D:7)
  2 ice beasts
  A sky beast (D:7)
  A centaur (D:5)
  3 phantoms
  3 bullfrogs
  A gnoll sergeant (D:8)
  3 scorpions
  5 wights (D:7)
  9 killer bees
  4 howler monkeys
  2 bombardier beetles (D:4)
  3 orc priests
  5 jellies
  Natasha (twice) (D:2)
  3 orc wizards
  Terence (D:2)
  12 gnolls
  6 adders
  4 ufetubi
  2 dart slugs
  A ribbon worm (D:2)
  29 orcs
  5 ball pythons
  2 endoplasms
  3 giant cockroaches
  6 goblins
  4 hobgoblins
  2 jackals (D:4)
  7 kobolds
  3 quokkas
  3 bats
  3 frilled lizards
  7 rats
168 creatures vanquished.

Vanquished Creatures (others)
  An orc wizard (D:3)
1 creature vanquished.

Grand Total: 169 creatures vanquished

Notes
Turn   | Place    | Note
-------+----------+-------------------------------------------
     0 | D:1      | Logoto the Hill Orc Berserker began the quest for the Orb.
     0 | D:1      | Reached XP level 1. HP: 19/19 MP: 1/1
   351 | D:1      | Reached XP level 2. HP: 27/27 MP: 2/2
  1024 | D:2      | Reached skill level 4 in Fighting
  1084 | D:2      | Noticed Terence
  1090 | D:2      | Killed Terence
  1091 | D:2      | Reached XP level 3. HP: 34/34 MP: 3/3
  1146 | D:2      | Found a faded altar of an unknown god.
  1381 | D:2      | Reached XP level 4. HP: 33/41 MP: 4/4
  1916 | D:2      | Noticed Natasha
  1924 | D:2      | Killed Natasha
  1925 | D:2      | Reached XP level 5. HP: 47/47 MP: 5/5
  2009 | D:2      | Noticed Natasha
  2015 | D:2      | Killed Natasha
  2016 | D:2      | Reached skill level 1 in Maces & Flails
  2141 | D:3      | Found a broken altar of Ashenzari.
  2247 | D:3      | Reached skill level 5 in Fighting
  2247 | D:3      | Reached skill level 5 in Axes
  2269 | D:3      | HP: 2/48 [orc priest/nerve-wracking pain (8)]
  2272 | D:3      | Reached XP level 6. HP: 3/56 MP: 6/6
  2276 | D:3      | HP: 2/56 [goblin/+0 club (4)]
  2544 | D:3      | Noticed Sigmund
  2556 | D:3      | Killed Sigmund
  3024 | D:4      | Reached XP level 7. HP: 61/61 MP: 7/7
  3464 | D:4      | Found a shimmering blue altar of Sif Muna.
  3492 | D:4      | Found an opulent altar of Gozag.
  3859 | D:4      | Noticed Grinder
  3873 | D:4      | Killed Grinder
  3874 | D:4      | Reached skill level 5 in Armour
  4419 | D:5      | Entered Level 5 of the Dungeon
  4600 | D:5      | Reached skill level 6 in Fighting
  4600 | D:5      | Reached XP level 8. HP: 64/70 MP: 8/8
  4805 | D:5      | Reached skill level 5 in Maces & Flails
  4808 | D:5      | Found a snail-covered altar of Cheibriados.
  4941 | D:5      | Found Woibb's Tiny Tomes.
  5135 | D:5      | Noticed a yak
  5136 | D:5      | Noticed a wraith
  5597 | D:6      | Reached skill level 1 in Stealth
  5758 | D:6      | Reached ** piety under Trog
  5800 | D:6      | Found a staircase to the Ecumenical Temple.
  5815 | D:6      | Reached skill level 7 in Fighting
  5945 | D:6      | Reached XP level 9. HP: 67/79 MP: 9/9
  6633 | D:7      | Found a hide-covered altar of Uskayaw.
  7078 | D:7      | Found a burning altar of Makhleb.
  7092 | D:7      | Noticed Maggie
  7117 | D:7      | Killed Maggie
  7118 | D:7      | Reached skill level 8 in Fighting
  8437 | D:8      | Reached XP level 10. HP: 90/90 MP: 10/10
  8530 | D:8      | Found an ornate altar of the Wu Jian Council.
  8536 | D:8      | Noticed Gastronok
  8555 | D:8      | Killed Gastronok
  8556 | D:8      | Reached skill level 9 in Fighting
  8772 | D:8      | Found a glowing golden altar of the Shining One.
  8795 | D:8      | Found a blossoming altar of Fedhas.
  8796 | D:8      | Found an ancient bone altar of Kikubaaqudgha.
  9826 | D:9      | Noticed an orange crystal statue
  9845 | D:9      | Killed an orange crystal statue
  9846 | D:9      | Reached skill level 10 in Fighting
  9846 | D:9      | Reached skill level 1 in Shields
  9854 | D:9      | Reached XP level 11. HP: 42/99 MP: 11/11
 10032 | D:9      | Identified the +0 chain mail of Distant Worlds {Str+4}
 10109 | D:9      | Noticed a death yak
 10109 | D:9      | Noticed a death yak
 10129 | D:9      | Killed a death yak
 10134 | D:9      | Noticed a death yak
 10139 | D:9      | Killed a death yak
 10148 | D:9      | Slain by a death yak

Illustrated notes

Levels and vault maps discovered:
D:1:      dpeg_arrival_rhombi, layout_basic, minmay_crystal_water
D:2:      layout_rooms, ebering_ecumenical_altar_ruins, uniq_terence,
          uniq_natasha
D:3:      layout_basic, old_standard_altar, uniq_sigmund
D:4:      layout_loops_corners, mainiacjoe_overflow_two_lobes, uniq_grinder
D:5:      layout_loops_cross, kennysheep_slug_shrine,
          nicolae_shop_i_like_small_books_too, lightli_corner_chamber
D:6:      layout_basic, temple_statues, nrook_mini_backslash
D:7:      layout_basic, bloody_makhleb, nicolae_uskayaw_dance_hall, uniq_maggie
D:8:      layout_rooms, grunt_temple_overflow_growth_and_decay,
          lemuel_crystal_altar, nicolae_wu_jian_immortal_techniques,
          hangedman_decor_peaks_small, nicolae_letterblocks
          [nicolae_letter_subblock, nicolae_letter_subblock,
          nicolae_letter_subblock, nicolae_letter_subblock,
          nicolae_letter_subblock, nicolae_letter_subblock,
          nicolae_letter_subblock, nicolae_letter_subblock,
          nicolae_letter_subblock, nicolae_letter_subblock,
          nicolae_letter_subblock, nicolae_letter_subblock,
          nicolae_letter_subblock, nicolae_letter_subblock,
          nicolae_letter_subblock, nicolae_letter_subblock,
          nicolae_letter_subblock, nicolae_letter_subblock,
          nicolae_letter_subblock, nicolae_letter_subblock,
          nicolae_letter_subblock, nicolae_letter_subblock,
          nicolae_letter_subblock, nicolae_letter_subblock,
          nicolae_letter_subblock], uniq_gastronok
D:9:      minmay_gate_of_8, layout_stronghold,
          nicolae_ru_great_annihilating_truth, dpeg_lair_monsters,
          minmay_protected_statue

Skill      XL: |  1  2  3  4  5  6  7  8  9 10 11 |
---------------+----------------------------------+-----
Fighting       | 4 5 6 7 8 10 | 10.5
Armour         | 3 4 5 6 7 8 9 |  9.0
Maces & Flails | 1 3 4 6 7 9 |  9.6
Dodging        | 2 3 4 |  4.5
Axes           | 5 6 7 8 9 |  9.6
Stealth        | 1 2 |  2.1
Shields        | 1 |  1.5

Action                     |  1- 3 |  4- 6 |  7- 9 | 10-12 || total
---------------------------+-------+-------+-------+-------++-------
  Melee: Hand axe          |    36 |       |       |       ||    36
         Mace              |    29 |   109 |   352 |   161 ||   651
         Punch             |       |       |     6 |       ||     6
 Invoke: Berserk           |     5 |     8 |    15 |     9 ||    37
    Use: Potion            |       |     3 |       |     5 ||     8
         Scroll            |       |     4 |       |     5 ||     9
 Armour: Ring mail         |    52 |    92 |   263 |   125 ||   532
         Chain mail        |       |       |       |    27 ||    27
  Dodge: Dodged            |    53 |    79 |   228 |    85 ||   445
  Block: Kite shield       |       |       |       |    56 ||    56
